 Dungeon Sprint DCSS version 0.32-a0-900-g30fb1b0edc (webtiles) character file.

Game seed: 16606316554922470941

4700000 Griffin23 the Conqueror (level 26, -31/242 HPs)
             Began as a Formicid Warper on Apr 6, 2024.
             Was the Champion of Makhleb.
             Annihilated by The Servant
             ... wielding a +9 glaive of flaming
              (91 damage)
             ... in the Dungeon (Sprint VIII: "Arena of Blood").
             The game lasted 00:03:13 (47 turns).

Griffin23 the Conqueror (Formicid Warper)             Turns: 47, Time: 00:03:14

Health: -31/242    AC:  6    Str: 19    XL:     26   Next: 43%
Magic:  12/54      EV: 32    Int: 14    God:    Makhleb [******]
Gold:   0          SH:  0    Dex: 21    Spells: 79/79 levels left

rFire   . . .        g - +∞ Axe of Woe
rCold   . . .        (no shield)
rNeg    . . .        b - +0 leather armour
rPois   .            (helmet unavailable)
rElec   .            (no cloak)
rCorr   .            (no gloves)
SInv    +            (no boots)
Will    ++...        (no amulet)
Stlth   ++++++++++   (no ring)
HPRegen 0.60/turn    (no ring)
MPRegen 0.34/turn

%: no passive effects
@: no status effects
A: permanent stasis, dig shafts and tunnels, antennae 3, four strong arms
a: Dig, Renounce Religion, Minor Destruction, Lesser Servant of Makhleb, Major
Destruction, Greater Servant of Makhleb


You were in the Dungeon.
You worshipped Makhleb.
Makhleb was exalted by your worship.
You visited 1 branch

Inventory:

Hand Weapons
 a - a +0 hand axe
 g - the +∞ Axe of Woe (weapon)
   (You found it in the Dungeon)
Missiles
 c - 7 darts of dispersal (quivered)
Armour
 b - a +0 leather armour (worn)
Potions
 d - a potion of curing
 f - 2 potions of magic


   Skills:
 O Level 27 Fighting
 + Level 17.2(20.0) Short Blades
 + Level 17.2(20.0) Long Blades
 O Level 27 Axes
 + Level 17.1(25.8) Maces & Flails
 + Level 17.1(25.8) Polearms
 + Level 17.2(22.3) Staves
 + Level 17.1 Ranged Weapons
 O Level 27 Throwing
 O Level 27 Armour
 O Level 27 Dodging
 O Level 27 Stealth
 + Level 21.7 Shields
 + Level 17.1 Unarmed Combat
 O Level 27 Spellcasting
 + Level 15.8 Conjurations
 + Level 20.1 Hexes
 + Level 17.1 Summonings
 + Level 17.2 Necromancy
 O Level 27 Translocations
 + Level 17.2 Fire Magic
 + Level 17.1 Ice Magic
 + Level 14.6 Air Magic
 + Level 20.1 Earth Magic
 + Level 21.7 Alchemy
 + Level 20.1 Invocations
 + Level 18.6 Evocations
 + Level 17.2 Shapeshifting


You had 79 spell levels left.
You didn't know any spells.
Your spell library contained the following spells:

 Spells                   Type           Power      Damage    Failure   Level
 Lesser Beckoning         Tloc           100%       N/A       0%          2
 Teleport Other           Tloc           76%        N/A       0%          3
 Blink                    Tloc           Unusable   N/A       N/A         2
 Maxwell's Portable Pile  Tloc           Unusable   2d(12-36) N/A         3
 Vhi's Electric Charge    Tloc/Air       Unusable   N/A       N/A         4

Dungeon Overview and Level Annotations

Branches:
Dungeon (1/1)

Altars:
Makhleb

Annotations:
D The Servant


Innate Abilities, Weirdness & Mutations

You cannot be hasted, slowed, berserked, paralysed or teleported.
You can dig through walls and to a lower floor.
You have a pair of large antennae on your head. (SInv)
Your four strong arms can wield two-handed weapons with a shield.


Message History

You kill the bag of meat!
Makhleb accepts your kill.
You hit the bag of meat but do no damage.
You cleave the bag of meat in twain.
You kill the bag of meat!
Makhleb accepts your kill.
You feel better.
You slice the meat berserker!!
You dissect the meat berserker like a pig carcass.
You kill the meat berserker!
Makhleb accepts your kill.
The tyrant gestures wildly while chanting.
The tyrant seems to speed up.
The eight-headed meat hydra calls on the powers of darkness!
The eight-headed meat hydra convulses!
The Servant convulses!
The bag of meat convulses! x3; Your body is wracked with pain!
* * * LOW HITPOINT WARNING * * *
The bag of meat convulses!
The meat berserker convulses!
The bag of meat convulses! x3
You hear a shout! x2
Your base Short Blades skill increases to level 17!
Your base Long Blades skill increases to level 17!
Your base Maces & Flails skill increases to level 17!
Your base Polearms skill increases to level 17!
Your base Staves skill increases to level 17!
Your Ranged Weapons skill increases to level 17!
Your Shields skill increases to level 21!
Your Unarmed Combat skill increases to level 17!
Your Hexes skill increases to level 20!
Your Summonings skill increases to level 17!
Your Necromancy skill increases to level 17!
Your Fire Magic skill increases to level 17!
Your Ice Magic skill increases to level 17!
Your Earth Magic skill increases to level 20!
Your Alchemy skill increases to level 21!
Your Invocations skill increases to level 20!
Your Evocations skill increases to level 18!
Your Shapeshifting skill increases to level 17!
You feel much better.
The Servant hits you from afar with a +9 glaive of flaming!!!!
You die...

....##.##......
.............o.
......#.#......
o.............#
.o.....z.......
.............L.
.O.o..§)§o....o
..oo..§@☼......
.#....§☼○#.....O .
#..L.○@§# ....
..###..D..°○###....
...o..###)○)...oo.
......_)○)...o...
.z#....)#.......
..#_.<)_#.......
,#...))#.....{#


You could see 2 tyrants, The Servant, an eight-headed meat hydra, 2 sculptors of
flesh, a meat berserker (berserk) and 9 bags of meat.

Vanquished Creatures
  7 vampire knights (D)
  17 ogres (D)
  4 two-headed ogres (D)
  53 orcs (D)
  2 skeletal warriors (D)
83 creatures vanquished.

Notes
Turn   | Place    | Note
-------+----------+-------------------------------------------
     0 | D        | Found the +∞ Axe of Woe
     0 | D        | Griffin23 the Formicid Warper began the quest for the Orb.
     0 | D        | Reached XP level 1. HP: 16/16 MP: 3/3
     1 | D        | Noticed a bag of meat
     2 | D        | Noticed a bag of meat
     2 | D        | Noticed a bag of meat
     4 | D        | Noticed a bag of meat
     4 | D        | Noticed a bag of meat
     5 | D        | Noticed a bag of meat
     6 | D        | Became a worshipper of Makhleb the Destroyer
     8 | D        | Killed a bag of meat
     9 | D        | Reached skill level 10 in Fighting
     9 | D        | Reached skill level 10 in Axes
     9 | D        | Reached skill level 10 in Spellcasting
     9 | D        | Reached XP level 2. HP: 24/36 MP: 3/13
     9 | D        | Reached XP level 3. HP: 28/42 MP: 3/15
     9 | D        | Reached XP level 4. HP: 33/49 MP: 3/16
     9 | D        | Reached XP level 5. HP: 37/54 MP: 3/18
     9 | D        | Reached XP level 6. HP: 42/61 MP: 3/19
     9 | D        | Reached XP level 7. HP: 46/67 MP: 3/21
     9 | D        | Reached XP level 8. HP: 51/74 MP: 3/22
     9 | D        | Reached XP level 9. HP: 54/79 MP: 3/23
     9 | D        | Reached XP level 10. HP: 59/86 MP: 3/24
     9 | D        | Reached XP level 11. HP: 63/92 MP: 3/25
     9 | D        | Killed a bag of meat
     9 | D        | Reached * piety under Makhleb
     9 | D        | Killed a bag of meat
    10 | D        | Reached skill level 10 in Dodging
    10 | D        | Reached XP level 12. HP: 103/105 MP: 3/29
    10 | D        | Reached XP level 13. HP: 109/111 MP: 3/30
    10 | D        | Killed a bag of meat
    10 | D        | Noticed a bag of meat
    10 | D        | Noticed a bag of meat
    11 | D        | Killed a bag of meat
    11 | D        | Reached ** piety under Makhleb
    11 | D        | Killed a bag of meat
    11 | D        | Killed a bag of meat
    11 | D        | Noticed a bag of meat
    11 | D        | Noticed a bag of meat
    12 | D        | Reached XP level 14. HP: 128/128 MP: 3/31
    12 | D        | Noticed a bag of meat
    13 | D        | Noticed a bag of meat
    13 | D        | Noticed a bag of meat
    14 | D        | Noticed a meat berserker
    14 | D        | Killed a bag of meat
    14 | D        | Reached *** piety under Makhleb
    14 | D        | Noticed a bag of meat
    14 | D        | Noticed a bag of meat
    14 | D        | Noticed a meat berserker
    15 | D        | Reached XP level 15. HP: 136/136 MP: 4/32
    15 | D        | Noticed a meat berserker
    15 | D        | Noticed a large bag of meat
    17 | D        | Reached skill level 15 in Dodging
    17 | D        | Noticed a meat berserker
    17 | D        | Noticed a meat berserker
    17 | D        | Noticed a meat berserker
    17 | D        | Noticed a large bag of meat
    18 | D        | Killed a meat berserker
    18 | D        | Noticed a destroyer
    19 | D        | Killed a meat berserker
    19 | D        | Reached **** piety under Makhleb
    19 | D        | Killed a meat berserker
    19 | D        | Noticed a meat berserker
    19 | D        | Noticed a meat berserker
    20 | D        | Reached XP level 16. HP: 157/157 MP: 5/33
    20 | D        | Reached XP level 17. HP: 163/163 MP: 5/34
    20 | D        | Noticed a meat berserker
    21 | D        | Reached ***** piety under Makhleb
    22 | D        | Killed a meat berserker
    22 | D        | Noticed a meat berserker
    23 | D        | Noticed a meat berserker
    23 | D        | Noticed a destroyer
    23 | D        | Killed a meat berserker
    23 | D        | Killed a meat berserker
    24 | D        | Reached skill level 27 in Fighting
    24 | D        | Reached XP level 18. HP: 154/182 MP: 6/35
    25 | D        | Reached ****** piety under Makhleb
    25 | D        | Killed a large bag of meat
    26 | D        | Reached skill level 27 in Axes
    26 | D        | Reached skill level 27 in Armour
    26 | D        | Reached XP level 19. HP: 155/189 MP: 6/36
    26 | D        | Noticed a meat berserker
    27 | D        | Reached skill level 27 in Throwing
    27 | D        | Reached skill level 27 in Dodging
    27 | D        | Killed a meat berserker
    28 | D        | Reached skill level 15 in Spellcasting
    28 | D        | Reached XP level 20. HP: 197/197 MP: 7/39
    28 | D        | Noticed The Servant
    28 | D        | Noticed a meat berserker
    29 | D        | Killed a meat berserker
    29 | D        | Killed a meat berserker
    29 | D        | Killed a meat berserker
    29 | D        | Noticed a large bag of meat
    30 | D        | Reached skill level 27 in Translocations
    30 | D        | Reached XP level 21. HP: 204/204 MP: 7/43
    30 | D        | Killed a meat berserker
    31 | D        | Reached skill level 27 in Stealth
    31 | D        | Reached skill level 27 in Spellcasting
    32 | D        | Killed a large bag of meat
    32 | D        | Killed a destroyer
    32 | D        | Killed a meat berserker
    32 | D        | Noticed a meat berserker
    32 | D        | Noticed a large bag of meat
    33 | D        | Reached XP level 22. HP: 182/212 MP: 8/53
    34 | D        | Reached skill level 10 in Hexes
    34 | D        | Reached skill level 10 in Earth Magic
    34 | D        | Reached skill level 10 in Invocations
    34 | D        | Reached XP level 23. HP: 207/219 MP: 8/54
    34 | D        | Killed a destroyer
    35 | D        | Reached skill level 10 in Short Blades
    35 | D        | Reached skill level 10 in Long Blades
    35 | D        | Reached skill level 10 in Maces & Flails
    35 | D        | Reached skill level 10 in Polearms
    35 | D        | Reached skill level 10 in Staves
    35 | D        | Reached skill level 10 in Ranged Weapons
    35 | D        | Reached skill level 10 in Unarmed Combat
    35 | D        | Reached skill level 10 in Summonings
    35 | D        | Reached skill level 10 in Necromancy
    35 | D        | Reached skill level 10 in Fire Magic
    35 | D        | Reached skill level 10 in Ice Magic
    35 | D        | Reached skill level 10 in Shapeshifting
    35 | D        | Noticed a destroyer
    36 | D        | Noticed a destroyer
    37 | D        | Reached skill level 10 in Conjurations
    37 | D        | Noticed a destroyer
    38 | D        | Reached skill level 15 in Hexes
    38 | D        | Reached skill level 15 in Earth Magic
    38 | D        | Reached skill level 15 in Invocations
    38 | D        | Reached XP level 24. HP: 115/227 MP: 9/54
    38 | D        | Killed a large bag of meat
    39 | D        | Killed a destroyer
    40 | D        | Reached skill level 15 in Evocations
    40 | D        | Killed a destroyer
    41 | D        | Reached skill level 15 in Short Blades
    41 | D        | Reached skill level 15 in Long Blades
    41 | D        | Reached skill level 15 in Maces & Flails
    41 | D        | Reached skill level 15 in Polearms
    41 | D        | Reached skill level 15 in Staves
    41 | D        | Reached skill level 15 in Ranged Weapons
    41 | D        | Reached skill level 15 in Unarmed Combat
    41 | D        | Reached skill level 15 in Summonings
    41 | D        | Reached skill level 15 in Necromancy
    41 | D        | Reached skill level 15 in Fire Magic
    41 | D        | Reached skill level 15 in Ice Magic
    41 | D        | Reached skill level 15 in Shapeshifting
    41 | D        | Reached XP level 25. HP: 176/234 MP: 10/54
    41 | D        | Killed a large bag of meat
    41 | D        | Noticed a destroyer
    41 | D        | Noticed a destroyer
    43 | D        | Noticed a tyrant
    43 | D        | Killed a destroyer
    43 | D        | Killed a destroyer
    45 | D        | Reached skill level 15 in Conjurations
    45 | D        | Noticed a tyrant
    45 | D        | HP: 2/234 [The Servant/+9 glaive of flaming (16)]
    46 | D        | Reached XP level 26. HP: 2/242 MP: 11/54
    46 | D        | Killed a destroyer
    47 | D        | Annihilated by The Servant

Illustrated notes

Levels and vault maps discovered:
D:        meatsprint

Skill      XL: |  1  2  3  4  5  6  7  8  9 10 11 12 13 14 15 16 17 18 19 20 21 22 23 24 25 26 |
---------------+-------------------------------------------------------------------------------+-----
Fighting       | 10 13 17 18 23 27 | 27.0
Axes           | 10 13 16 17 21 25 27 | 27.0
Throwing       | 2 3 11 12 18 23 26 27 | 27.0
Armour         | 3 12 13 20 24 27 | 27.0
Dodging        | 8 10 14 19 23 25 27 | 27.0
Spellcasting   | 10 13 15 18 27 | 27.0
Translocations | 16 19 22 27 | 27.0
Stealth        | 23 27 | 27.0
Short Blades   | 7 9 13 15 16 17 | 17.2
Long Blades    | 7 9 13 15 16 17 | 17.2
Maces & Flails | 7 9 13 15 16 17 | 17.1
Polearms       | 7 9 13 15 16 17 | 17.1
Staves         | 7 9 13 15 16 17 | 17.2
Ranged Weapons | 7 9 13 15 16 17 | 17.1
Shields        | 9 11 16 19 20 21 | 21.7
Unarmed Combat | 7 9 13 15 16 17 | 17.1
Conjurations   | 6 8 12 13 15 | 15.8
Hexes          | 9 10 15 17 19 20 | 20.1
Summonings     | 7 9 13 15 16 17 | 17.1
Necromancy     | 7 9 13 15 16 17 | 17.2
Fire Magic     | 7 9 13 15 16 17 | 17.2
Ice Magic      | 7 9 13 15 16 17 | 17.1
Air Magic      | 6 7 11 12 14 | 14.6
Earth Magic    | 9 10 15 17 19 20 | 20.1
Alchemy        | 9 11 16 19 20 21 | 21.7
Invocations    | 9 10 15 17 19 20 | 20.1
Evocations     | 8 9 14 16 17 18 | 18.6
Shapeshifting  | 7 9 13 15 16 17 | 17.2

Action                     |  1- 3 |  4- 6 |  7- 9 | 10-12 | 13-15 | 16-18 | 19-21 | 22-24 | 25-27 || total
---------------------------+-------+-------+-------+-------+-------+-------+-------+-------+-------++-------
  Melee: Executioner's axe |     1 |       |       |     1 |     6 |     5 |     6 |     7 |     5 ||    31
    Use: Potion            |       |       |       |       |       |       |       |       |     1 ||     1
 Armour: Leather armour    |     1 |       |       |       |       |     4 |     4 |     7 |     7 ||    23
  Dodge: Dodged            |       |       |       |       |       |       |     1 |     1 |       ||     2

Table legend: (Time is in decaauts)
 A = Elapsed time spent in this place.
 B = Non-inter-level travel time spent in this place.
 C = Inter-level travel time spent in this place.
 D = Time resting spent in this place.
 E = Time spent auto-exploring this place.
 F = Levels seen in this place.
 G = Mean time per level.
                   A        B        C        D        E       F      G
               +--------+--------+--------+--------+--------+-----+--------+
         Total |     41 |     41 |      0 |      0 |      0 |   1 |   41.0 |
       Dungeon |     41 |     41 |      0 |      0 |      0 |   1 |   41.0 |
               +--------+--------+--------+--------+--------+-----+--------+

Top non-repeatable levels by time:
       D: 41 daAuts
